 Dungeon Crawl Stone Soup version 0.20-a0-1108-g6ae5986 (webtiles) character file.

3243 MatthieuS the Spear-Bearer (level 9, -9/74 HPs)
             Began as a Merfolk Gladiator on May 4, 2017.
             Was a Follower of the Shining One.
             Mangled by a hornet (16 damage)
             ... on level 8 of the Dungeon on May 5, 2017.
             The game lasted 00:38:41 (8636 turns).

MatthieuS the Spear-Bearer (Merfolk Gladiator)      Turns: 8636, Time: 00:38:42

Health: -9/74      AC:  8    Str: 15    XL:     9   Next: 99%
Magic:  9/9        EV: 20    Int:  8    God:    the Shining One [*.....]
Gold:   308        SH:  4    Dex: 19    Spells: 8/8 levels left

rFire    . . .     SeeInvis .   a - +0 halberd
rCold    . . .     Gourm    .   (shield currently unavailable)
rNeg     . . .     Faith    .   b - +0 leather armour
rPois    .         Spirit   .   t - +1 helmet
rElec    .         Reflect  .   (no cloak)
rCorr    .         Harm     .   C - +2 pair of gloves
MR       .....                  (no boots)
Stlth    +.........             (no amulet)
Regen    0.3/turn               (no ring)
MPRegen  0.2/turn               (no ring)

@: lethally poisoned (-9 -> -20), about to teleport, slowed, glowing, very slow
A: change form in water, swift swim, stealthy swim, large bone plates 1, thin
skeletal structure 1
a: Renounce Religion


You were on level 8 of the Dungeon.
You worshipped the Shining One.
The Shining One was aware of your devotion.
You were not hungry.

You visited 2 branches of the dungeon, and saw 9 of its levels.

You collected 308 gold pieces.

Inventory:

Hand Weapons
 a - a +0 halberd (weapon)
Missiles
 d - a throwing net
 n - 23 tomahawks
 p - 4 needles of confusion
 v - 3 javelins (quivered)
Armour
 b - a +0 leather armour (worn)
 h - a +0 robe of magic resistance
 t - a +1 helmet (worn)
 z - a +2 buckler
 C - a +2 pair of gloves (worn)
Wands
 e - a wand of confusion (20/48)
 A - a wand of paralysis (6/24)
 G - a wand of enslavement (12/24)
 H - a wand of confusion (20/48)
Scrolls
 i - 2 scrolls of identify
 r - 2 scrolls of fog
 s - 3 scrolls of enchant armour
 w - a scroll of recharging
 x - 2 scrolls of teleportation
 B - a scroll of fear {unknown}
Potions
 j - 3 potions of haste
 l - 2 potions of lignification
 o - 2 potions of flight
 q - 5 potions of curing
 E - a potion of agility
 F - a potion of berserk rage
Books
 u - a book of Maledictions

   Spells                             Type                      Level
   a - Corona                         Hexes                        1
   b - Ensorcelled Hibernation        Hexes/Ice                    2
   c - Confuse                        Hexes                        3
   d - Tukima's Dance                 Hexes                        3
   e - Dazzling Spray                 Conjuration/Hexes            3
 y - the Collected Works on Execration
   (You found it on level 5 of the Dungeon)

   Spells                             Type                      Level
   a - Portal Projectile              Hexes/Translocation          3
   b - Metabolic Englaciation         Hexes/Ice                    5
   c - Silence                        Hexes/Air                    5
   d - Invisibility                   Hexes                        6
Comestibles
 f - 3 bread rations
 g - 6 royal jellies
 m - 6 meat rations
 D - 5 chunks of flesh


   Skills:
 + Level 7.9 Fighting
 + Level 10.2 Polearms
 + Level 7.2 Throwing
 + Level 9.9 Dodging


You had 8 spell levels left.
You didn't know any spells.

Dungeon Overview and Level Annotations

Branches:
Dungeon (8/15)             Temple (1/1) D:6
   Lair: D:8-11

Altars:
Ashenzari
Cheibriados
Fedhas
Gozag
Hepliaklqana
Makhleb
Nemelex Xobeh
Okawaru
Sif Muna
Trog
Uskayaw
Vehumet
Wu Jian
Xom
Yredelemnul
The Shining One

Shops:
D:4 *


Innate Abilities, Weirdness & Mutations

You revert to your normal form in water.
You are very nimble and swift while swimming.
You are very stealthy in the water. (Stealth+)
You are partially covered in large bone plates. (SH +4)
You have a somewhat thin skeletal structure. (Dex +2, Stealth)


Message History

The centaur shoots an arrow.
The arrow hits you. The hornet stings you!
You feel yourself slow down.
You feel yourself speed up. The hornet stings you!
You are poisoned.
You feel yourself slow down.
The centaur shoots an arrow.
The arrow hits you but does no damage. The hornet stings you!
* * * LOW HITPOINT WARNING * * *
You feel as though you will be slow longer.
A soldier ant comes into view.
The soldier ant twitches its antennae in your direction.
You can move again.
As you read the scroll of teleportation, it crumbles to dust.
You feel strangely unstable.
You feel sick. The hornet stings you!
* * * LOW HITPOINT WARNING * * *
You are lethally poisoned!
You shrug off the repeated paralysis!
You block the hornet's attack.
The centaur shoots an arrow.
The arrow completely misses you. The hornet stings you!
You die...

#### ... #####...
...#). ....# #.#c#
.# #...##a# #.@y..#
#.(y##y# #(.(######
#...(..#.#
.##.#..##.#
.........#.######..
.###..#............
..........######..
####.##.###


You could see a soldier ant, 3 hornets and a centaur.

Vanquished Creatures
  A hornet (D:7)
  The ghost of chickenpie the Skirmisher, an amateur DsAK of Lugonu (D:3)
  The ghost of chickenpie the Chopper, an amateur DsAK of Lugonu (D:4)
  A water moccasin (D:8)
  An orc warrior (D:6)
  A phantom (D:6)
  4 sky beasts
  4 centaurs
  3 ogres
  A wyvern zombie (D:6)
  2 bullfrogs
  2 scorpions
  4 howler monkeys
  2 crimson imps (D:6)
  A jelly (D:8)
  A centaur skeleton (D:5)
  2 orc priests (D:6)
  A hound (D:6)
  A bullfrog skeleton (D:8)
  2 iguanas
  10 orc wizards
  7 worker ants
  A hound zombie (D:5)
  Robin (D:2)
  A worker ant zombie (D:5)
  9 adders
  7 gnolls
  A howler monkey skeleton (D:5)
  2 shadow imps
  An ooze (D:6)
  4 worms
  5 dart slugs
  4 leopard geckos
  36 orcs
  2 giant cockroaches
  15 goblins
  13 hobgoblins
  8 jackals
  6 kobolds
  5 quokkas
  5 ball pythons
  4 bats
  8 frilled lizards
  3 quokka skeletons
  4 rats
198 creatures vanquished.

Notes
Turn   | Place    | Note
-------+----------+-------------------------------------------
     0 | D:1      | MatthieuS the Merfolk Gladiator began the quest for the Orb.
     0 | D:1      | Reached XP level 1. HP: 16/16 MP: 1/1
   131 | D:1      | Reached XP level 2. HP: 22/23 MP: 2/2
   954 | D:2      | Reached XP level 3. HP: 25/28 MP: 3/3
  1176 | D:2      | Gained mutation: You are robust. (+10% HP) [potion of mutation]
  1176 | D:2      | Gained mutation: You have a somewhat thin skeletal structure. (Dex +2, Stealth) [potion of mutation]
  1176 | D:2      | Lost mutation: You are robust. (+10% HP) [potion of mutation]
  1176 | D:2      | Gained mutation: You are partially covered in large bone plates. (SH +4) [potion of mutation]
  1663 | D:2      | Noticed Robin
  1761 | D:1      | Reached XP level 4. HP: 10/35 MP: 4/4
  2044 | D:2      | Reached skill level 5 in Dodging
  2138 | D:2      | Reached skill level 5 in Polearms
  2326 | D:2      | Killed Robin
  2326 | D:2      | Reached XP level 5. HP: 36/41 MP: 5/5
  2832 | D:3      | Found an iron altar of Okawaru.
  2976 | D:3      | Reached XP level 6. HP: 40/48 MP: 6/6
  3022 | D:3      | Noticed chickenpie's ghost (amateur DsAK)
  3039 | D:3      | Killed chickenpie's ghost
  3039 | D:3      | Reached skill level 6 in Polearms
  3234 | D:3      | Reached XP level 7. HP: 54/54 MP: 7/7
  3258 | D:3      | Found a shimmering altar of Xom.
  3425 | D:3      | Found a radiant altar of Vehumet.
  4138 | D:4      | Noticed chickenpie's ghost (amateur DsAK)
  4166 | D:4      | Reached skill level 5 in Fighting
  4166 | D:4      | Reached skill level 7 in Polearms
  4462 | D:4      | Found Ushaefub's General Store.
  4573 | D:4      | Killed chickenpie's ghost
  4573 | D:4      | Reached XP level 8. HP: 40/63 MP: 8/8
  5171 | D:5      | Entered Level 5 of the Dungeon
  5177 | D:5      | Reached skill level 5 in Throwing
  5194 | D:5      | Identified the Collected Works on Execration
  5311 | D:5      | Reached skill level 8 in Polearms
  6237 | D:6      | Reached XP level 9. HP: 71/71 MP: 9/9
  6282 | D:6      | Reached skill level 9 in Polearms
  6678 | D:6      | Found a staircase to the Ecumenical Temple.
  6698 | Temple   | Entered the Ecumenical Temple
  6988 | Temple   | Became a worshipper of the Shining One
  7037 | D:6      | Found a blossoming altar of Fedhas.
  7523 | D:6      | Found a snail-covered altar of Cheibriados.
  7869 | D:7      | Noticed a hornet
  7877 | D:7      | Killed a hornet
  8350 | D:8      | Reached skill level 10 in Polearms
  8537 | D:8      | Reached * piety under the Shining One
  8629 | D:8      | Noticed a hornet
  8633 | D:8      | Paralysed by a hornet for 3 turns
  8634 | D:8      | Noticed a hornet
  8636 | D:8      | Mangled by a hornet

Vault maps used:
D:1:      saegor_arrival_simple_c
D:2:      uniq_robin
D:3:      wad_crossroads, lemuel_coloured_pillars_altar, old_standard_altar,
          okawaru_gym_becter
D:4:      serial_shops, shop, first_bread
D:6:      kennysheep_mini_moat, kennysheep_slug_shrine,
          minmay_temple_entry_statues_fountains
D:8:      nicolae_whirlpool, hangedman_pestilent_swarm, uniq_joseph, uniq_grum
Temple:   minmay_temple_curvy_loop

Skill      XL: |  1  2  3  4  5  6  7  8  9 |
---------------+----------------------------+-----
Fighting       | 3 4 5 6 7 |  7.9
Dodging        | 5 6 7 8 9 |  9.9
Polearms       | 5 6 7 8 10 | 10.2
Throwing       | 3 4 5 7 |  7.2

Action                   |  1- 3 |  4- 6 |  7- 9 || total
-------------------------+-------+-------+-------++-------
Melee: Trident           |   124 |    10 |       ||   134
       Spear             |    20 |       |       ||    20
       Halberd           |       |    99 |   540 ||   639
Throw: Throwing net      |       |     1 |     2 ||     3
       Tomahawk          |       |       |     4 ||     4
Evoke: Wand              |       |       |     4 ||     4
  Use: Scroll            |     3 |       |    16 ||    19
       Potion            |     1 |       |     1 ||     2
 Stab: Sleeping          |     2 |     2 |     8 ||    12
       Distracted        |       |     1 |     1 ||     2
       Held in net/web   |       |     1 |       ||     1
  Eat: Chunk             |     2 |     6 |    16 ||    24
       Fruit             |       |       |     2 ||     2
Armor: Leather armour    |    14 |    16 |    97 ||   127
       Robe              |     5 |       |       ||     5
Dodge: Dodged            |    97 |    72 |   348 ||   517
Block: Other             |    11 |    15 |    77 ||   103
